 Dungeon Sprint DCSS version 0.27-a0-538-g15ff5c5295 (webtiles) character file.

Game seed: 14218356496877402772

9713 mhtbhm the Severer (level 11, -3/111 HPs)
             Began as a Minotaur Fighter on Mar 6, 2021.
             Was the Champion of Trog.
             Shot with an arrow by Nessos (18 damage)
             ... in the Dungeon (Sprint VII: "The Pits").
             The game lasted 00:03:55 (2738 turns).

mhtbhm the Severer (Minotaur Fighter)               Turns: 2738, Time: 00:03:56

Health: -3/111     AC: 23    Str: 28    XL:     11   Next: 26%
Magic:  10/10      EV:  9    Int:  8    God:    Trog [******]
Gold:   0          SH: 14    Dex:  9    Spells: 10/10 levels left

rFire    . . .     SeeInvis .   a - +5 broad axe
rCold    . . .     Faith    .   c - +0 kite shield
rNeg     . . .     Spirit   .   b - +3 plate armour
rPois    .         Reflect  .   (helmet restricted)
rElec    .         Harm     .   q - +0 cloak
rCorr    .         Rampage  .   p - +0 pair of gloves
Will     .....     NoTele   +   (no boots)
Stlth    ..........             (no amulet)
HPRegen  0.28/turn              m - +3 ring of strength
MPRegen  0.12/turn              n - +3 ring of intelligence

@: lethally poisoned (-3 -> -16), berserk cooldown, slowed, very slow
A: horns 2, retaliatory headbutt
a: Renounce Religion, Berserk, Trog's Hand, Brothers in Arms


You were in the Dungeon.
You worshipped Trog.
Trog was exalted by your worship.
You visited 1 branch

Inventory:

Hand Weapons
 a - a +5 broad axe (weapon)
Missiles
 r - 5 poisoned darts (quivered)
Armour
 b - a +3 plate armour (worn)
 c - a +0 kite shield (worn)
 p - a +0 pair of gloves (worn)
 q - a +0 cloak (worn)
Jewellery
 m - a +3 ring of strength (left hand)
 n - a +3 ring of intelligence (right hand)
Scrolls
 j - a scroll of blinking
 l - a scroll of summoning
Potions
 d - 2 potions of might
 e - 5 potions of curing
 f - 10 potions of heal wounds
 g - a potion of haste
 h - 4 potions of magic
 i - 4 potions of berserk rage
 k - 2 potions of invisibility
 o - a potion of mutation


   Skills:
 + Level 14.9 Fighting
 + Level 18.2 Axes
 + Level 16.1 Armour
 + Level 4.4 Dodging
 - Level 1.0 Stealth
 + Level 14.1 Shields
 + Level 3.0 Unarmed Combat


You had 10 spell levels left.
You didn't know any spells.
Your spell library was empty.

Dungeon Overview and Level Annotations

Branches:
Dungeon (1/1)

Altars:
Cheibriados
Dithmenos
Elyvilon
Fedhas
Gozag
Hepliaklqana
Makhleb
Nemelex Xobeh
Okawaru
Qazlal
Ru
Sif Muna
Trog
Vehumet
Wu Jian
Xom
Yredelemnul
Zin
The Shining One
Beogh
Jiyva
Lugonu

Annotations:
D Nessos


Innate Abilities, Weirdness & Mutations

You have a pair of horns on your head.
You reflexively headbutt those who attack you in melee.


Message History

Nessos is nearby!
You feel sick.
Nessos shoots an arrow.
You block the arrow.
Nessos shoots an arrow.
You block the arrow.
Nessos unwields a +3 longbow of flaming.
It stops flaming.
Nessos hits your cyclops!
Unknown command.
You feel sick. Nessos hits your cyclops!
Nessos wields a +3 longbow of flaming.
It bursts into flame!
Nessos shoots an arrow.
The arrow hits your cyclops! The arrow burns your cyclops.
Your cyclops looks as sick as possible!
Your cyclops hits Nessos.
Nessos blinks!
You feel sick.
Nessos shoots an arrow.
The arrow hits your cyclops!! The arrow burns your cyclops.
Your cyclops looks as sick as possible!
Nessos shoots an arrow.
The arrow hits your cyclops! The arrow burns your cyclops.
Your cyclops rages.
Nessos shoots an arrow.
The arrow completely misses your cyclops.
You block the arrow.
Nessos shoots an arrow.
The arrow hits your cyclops! The arrow burns your cyclops.
Your cyclops dies!
Your cyclops's corpse disappears in a puff of smoke!
Nessos shoots an arrow.
You block the arrow.
You feel sick.
Nessos blinks!
Nessos shoots an arrow.
The arrow hits you!
* * * LOW HITPOINT WARNING * * *
The arrow burns you.
You are more poisoned.
* * * LOW HITPOINT WARNING * * *
Nessos blinks!
Unknown command.
You feel sick.
Nessos shoots an arrow.
The arrow hits you.
* * * LOW HITPOINT WARNING * * *
The arrow burns you.
You are more poisoned.
* * * LOW HITPOINT WARNING * * *
Nessos intently looks at you, slowly moving their tail.
Nessos shoots an arrow.
The arrow hits you!!
You die...

...##...##..##...###
#...##†##.§###...+.##
##.....)....##.).#..##
#[.###'###...##'##...#
.)##.....##.c#...#...#
..).......+..).).'...+
..##...{.##).#...#†..#
#..###'###.).##'##...#
##.....)....##..@#..##
#...##'##..###...+.##
...##...##..##...###
..###...###..+...# ##
##### ######


You could see Nessos (fast).

Vanquished Creatures
  A two-headed ogre (D)
  Urug (D)
  A shadow wraith (D)
  A deep troll (D)
  A swamp dragon (D)
  A wizard (D)
  A deep elf zephyrmancer (D)
  A deep elf pyromancer (D)
  An ugly thing (D)
  A black mamba (D)
  A molten gargoyle (D)
  An eye of devastation (D)
  Psyche (D)
  A guardian mummy (D)
  A hellwing (D)
  A jumping spider (D)
  A wandering mushroom (D)
  An ice devil (D)
  A wind drake (D)
  2 redbacks (D)
  A flying skull (D)
  A spriggan (D)
  A tarantella (D)
  Eustachio (D)
  A neqoxec (D)
  A steam dragon (D)
  2 vampire mosquitoes (D)
  A soldier ant (D)
  A water moccasin (D)
  Purgy (D)
  A swamp drake (D)
  A black bear (D)
  An eye of draining (D)
  An ogre (D)
  2 centaurs (D)
  A small abomination (D)
  A kobold brigand (D)
  2 bullfrogs (D)
  A scorpion (D)
  A gnoll shaman (D)
  An iguana (D)
  A mummy (D)
  3 gnolls (D)
  An adder (D)
  An ufetubus (D)
  2 oozes (D)
  2 leopard geckos (D)
  A giant cockroach (D)
  4 quokkas (D)
  A bat (D)
  A bat simulacrum (D)
  A frilled lizard (D)
  A rat (D)
64 creatures vanquished.

Notes
Turn   | Place    | Note
-------+----------+-------------------------------------------
     0 | D        | mhtbhm the Minotaur Fighter began the quest for the Orb.
     0 | D        | Reached XP level 1. HP: 19/19 MP: 0/0
    18 | D        | Found a bloodstained altar of Trog.
    18 | D        | Found a shimmering blue altar of Sif Muna.
    18 | D        | Found a viscous altar of Jiyva.
    18 | D        | Found a hazy altar of Hepliaklqana.
    18 | D        | Found an opulent altar of Gozag.
    19 | D        | Found a glowing golden altar of the Shining One.
    19 | D        | Found a glowing silver altar of Zin.
    19 | D        | Found a basalt altar of Yredelemnul.
    19 | D        | Found a shimmering altar of Xom.
    19 | D        | Found an ornate altar of the Wu Jian Council.
    19 | D        | Found a sacrificial altar of Ru.
    19 | D        | Found a stormy altar of Qazlal.
    19 | D        | Found an iron altar of Okawaru.
    19 | D        | Found a sparkling altar of Nemelex Xobeh.
    19 | D        | Found a burning altar of Makhleb.
    19 | D        | Found a blossoming altar of Fedhas.
    19 | D        | Found a white marble altar of Elyvilon.
    19 | D        | Found a shadowy altar of Dithmenos.
    19 | D        | Found a snail-covered altar of Cheibriados.
    21 | D        | Found a radiant altar of Vehumet.
    21 | D        | Found a corrupted altar of Lugonu.
    23 | D        | Became a worshipper of Trog the Wrathful
    69 | D        | Reached XP level 2. HP: 24/28 MP: 1/1
    70 | D        | Reached * piety under Trog
    81 | D        | Reached skill level 5 in Fighting
    81 | D        | Reached skill level 3 in Axes
    81 | D        | Reached skill level 5 in Armour
    83 | D        | Noticed a water moccasin
    87 | D        | Killed a water moccasin
    87 | D        | Reached ** piety under Trog
    88 | D        | Reached skill level 4 in Axes
    88 | D        | Reached XP level 3. HP: 21/39 MP: 2/2
    88 | D        | Reached XP level 4. HP: 25/47 MP: 3/3
   314 | D        | Noticed a centaur
   314 | D        | Noticed an ogre
   314 | D        | Noticed a flying skull
   314 | D        | Noticed a bullfrog
   328 | D        | Killed a flying skull
   328 | D        | Reached *** piety under Trog
   329 | D        | Reached skill level 6 in Axes
   329 | D        | Reached XP level 5. HP: 56/56 MP: 4/4
   329 | D        | Reached XP level 6. HP: 62/62 MP: 5/5
   335 | D        | Reached skill level 7 in Axes
   335 | D        | Reached skill level 10 in Armour
   335 | D        | Reached **** piety under Trog
   339 | D        | Reached skill level 10 in Fighting
   339 | D        | Reached skill level 10 in Shields
   339 | D        | Reached XP level 7. HP: 38/72 MP: 6/6
   365 | D        | Noticed a spriggan
   370 | D        | Killed a spriggan
   371 | D        | Reached skill level 8 in Axes
   371 | D        | Reached skill level 1 in Dodging
   373 | D        | Noticed Purgy
   383 | D        | Killed Purgy
   389 | D        | Reached skill level 9 in Axes
   393 | D        | Reached ***** piety under Trog
   568 | D        | Noticed a black mamba
   568 | D        | Noticed a steam dragon
   576 | D        | Killed a black mamba
   577 | D        | Reached skill level 10 in Axes
   577 | D        | Reached XP level 8. HP: 69/82 MP: 7/7
   983 | D        | Noticed Eustachio
   994 | D        | Reached skill level 11 in Axes
   996 | D        | Killed Eustachio
   996 | D        | Received a gift from Trog
  1005 | D        | Noticed a cyan ugly thing
  1017 | D        | Killed a cyan ugly thing
  1018 | D        | Reached skill level 12 in Axes
  1018 | D        | Reached XP level 9. HP: 74/90 MP: 8/8
  1156 | D        | Killed a shadow wraith
  1157 | D        | Reached skill level 13 in Axes
  1457 | D        | Noticed Psyche
  1470 | D        | Killed Psyche
  1470 | D        | Reached ****** piety under Trog
  1581 | D        | Reached skill level 1 in Unarmed Combat
  1594 | D        | Noticed a wandering mushroom
  1594 | D        | Noticed a hellwing
  1606 | D        | Killed a hellwing
  1607 | D        | Reached skill level 14 in Axes
  1613 | D        | Killed a wandering mushroom
  1613 | D        | Received a gift from Trog
  1688 | D        | Noticed a deep troll
  1692 | D        | Noticed a molten gargoyle
  1702 | D        | Killed a deep troll
  1703 | D        | Reached XP level 10. HP: 92/101 MP: 9/9
  1705 | D        | Killed a molten gargoyle
  1706 | D        | Reached skill level 15 in Axes
  1706 | D        | Reached skill level 1 in Stealth
  1898 | D        | Noticed Urug
  1916 | D        | Killed Urug
  1917 | D        | Reached skill level 15 in Armour
  2071 | D        | Received a gift from Trog
  2072 | D        | Reached skill level 16 in Axes
  2085 | D        | Noticed a deep elf zephyrmancer
  2087 | D        | Noticed a wizard
  2095 | D        | Killed a deep elf zephyrmancer
  2121 | D        | Killed a wizard
  2121 | D        | Received a gift from Trog
  2122 | D        | Reached skill level 17 in Axes
  2392 | D        | Noticed a two-headed ogre
  2397 | D        | Killed a two-headed ogre
  2398 | D        | Reached XP level 11. HP: 101/111 MP: 3/10
  2411 | D        | Noticed a deep elf pyromancer
  2418 | D        | Killed a deep elf pyromancer
  2422 | D        | Noticed a swamp dragon
  2431 | D        | Killed a swamp dragon
  2431 | D        | Received a gift from Trog
  2432 | D        | Reached skill level 18 in Axes
  2705 | D        | Noticed Nessos
  2738 | D        | Shot with an arrow by Nessos

Illustrated notes

Levels and vault maps discovered:
D:        pitsprint [storerooms_1, entrance_room_1, metal_vault_5, armoury_2,
          mini_pit_1, grid_room_1, main_hall_1, silver_pit, the_coven_3,
          the_vestibule_1, steel_vault_4, golden_pit, hallway_of_sentries,
          crystal_vault_4, iron_vault_4, final_vault]

Skill      XL: |  1  2  3  4  5  6  7  8  9 10 11 |
---------------+----------------------------------+-----
Fighting       | 4 7 8 10 11 12 13 14 | 14.9
Armour         | 4 7 9 10 12 13 14 15 16 | 16.1
Shields        | 4 7 8 10 11 12 13 14 | 14.1
Axes           | 4 6 7 10 12 14 17 18 | 18.2
Dodging        | 2 3 4 |  4.4
Unarmed Combat | 2 3 |  3.0
Stealth        | 1 |  1.0

Action                   |  1- 3 |  4- 6 |  7- 9 | 10-12 || total
-------------------------+-------+-------+-------+-------++-------
Melee: Hand axe          |    16 |    23 |    44 |       ||    83
       War axe           |     1 |       |       |       ||     1
       Headbutt          |     1 |     6 |    16 |    21 ||    44
       Broad axe         |       |       |    54 |    88 ||   142
       Unarmed           |       |       |     8 |       ||     8
Invok: Berserk           |       |     1 |     5 |     2 ||     8
       Brothers in Arms  |       |       |       |     1 ||     1
  Use: Potion            |       |     1 |     1 |     4 ||     6
Armor: Scale mail        |    10 |     2 |       |       ||    12
       Chain mail        |       |    12 |    41 |       ||    53
       Plate armour      |       |       |    43 |    28 ||    71
Dodge: Dodged            |     7 |     7 |    32 |    17 ||    63
Block: Kite shield       |    11 |    15 |    56 |    35 ||   117

Table legend: (Time is in decaauts)
 A = Elapsed time spent in this place.
 B = Non-inter-level travel time spent in this place.
 C = Inter-level travel time spent in this place.
 D = Time resting spent in this place.
 E = Time spent auto-exploring this place.
 F = Levels seen in this place.
 G = Mean time per level.
                   A        B        C        D        E       F      G
               +--------+--------+--------+--------+--------+-----+--------+
         Total |   2803 |   2803 |      0 |   1581 |    469 |   1 | 2803.0 |
       Dungeon |   2803 |   2803 |      0 |   1581 |    469 |   1 | 2803.0 |
               +--------+--------+--------+--------+--------+-----+--------+

Top non-repeatable levels by time:
       D: 2803 daAuts
